 Dungeon Crawl Stone Soup version 0.30-a0-1018-g25214051b3 (webtiles) character file.

Game seed: 2858062784284240787

49 ytrimaz the Ruffian (level 3, 31/31 HPs)
             Began as a Naga Transmuter on Apr 8, 2023.
             Quit the game on level 3 of the Dungeon.
             The game lasted 00:03:06 (1840 turns).

ytrimaz the Ruffian (Naga Transmuter)               Turns: 1840, Time: 00:03:06

Health: 31/31      AC:  2    Str: 12    XL:     3   Next: 75%
Magic:  6/6        EV: 10    Int: 15    God:
Gold:   169        SH:  0    Dex: 11    Spells: 5/6 levels left

rFire   . . .      SeeInvis +      - Unarmed
rCold   . . .      Faith    .    (no shield)
rNeg    . . .      Spirit   .    a - +0 robe
rPois   +          Reflect  .    (no helmet)
rElec   .          Rampage  .    (no cloak)
rCorr   .                        (no gloves)
Will    .....                    (no barding)
Stlth   +                        (no amulet)
HPRegen 0.25/turn                (no ring)
MPRegen 0.10/turn                (no ring)

@: very slow
A: AC +1, large, see invisible, deformed body, poison resistance, slowness 2,
spit poison 1, naga tail 1
a: Spit Poison


You were on level 3 of the Dungeon.
You visited 1 branch of the dungeon, and saw 3 of its levels.

You collected 169 gold pieces.


Innate Abilities, Weirdness & Mutations

Your serpentine skin is tough. (AC +1)
You have supernaturally acute eyesight. (SInv)
Armour fits poorly on your strangely shaped body.
Your system is resistant to poisons. (rPois)
You cover ground very slowly.
You can spit poison.
You have a snake-like lower body.


   Skills:
 - Level 1.6 Fighting
 - Level 1.9 Dodging
 + Level 3.4 Unarmed Combat
 - Level 2.3 Spellcasting
 + Level 2.6 Transmutations


You had 5 spell levels left.
You knew the following spells:

 Your Spells              Type           Power      Damage    Failure   Level
a - Beastly Appendage     Tmut           18%        N/A       8%          1

Your spell library contained the following spells:

 Spells                   Type           Power      Damage    Failure   Level
 Wereblood                Tmut           9%         N/A       11%         2
 Spider Form              Tmut/Pois      5%         N/A       36%         3
 Ice Form                 Ice/Tmut       5%         N/A       77%         4

Inventory:

Armour
 a - a +0 robe (worn)
 m - a +1 hat
   (You found it on level 2 of the Dungeon)
Scrolls
 c - a scroll of silence {unknown}
 d - a scroll of butterflies {unknown}
 e - a scroll of noise {unknown}
 f - 2 scrolls of poison {unknown}
 i - a scroll of identify {unknown}
 l - a scroll of teleportation {unknown}
 n - a scroll of vulnerability {unknown}
Potions
 b - a potion of lignification
 g - a potion of heal wounds {unknown}
 h - 3 potions of curing {unknown}
 j - 4 potions of haste {unknown}
 k - a potion of brilliance {unknown}
 o - a potion of mutation {unknown}

Dungeon Overview and Level Annotations

Branches:
Dungeon (3/15) Zot: 15672

Altars:

#..#####..# #.# #.......#
#.........#######.#######.####
##########.....<.........># P.
.P ####.....######### ## ##
#.##### #.# #.# #.# #@# #.#
#.# #.# #.# #.# #r# #o.


You could see an orc and a quokka (asleep).


Message History

Key pressed, stopping explore.
Found a stone staircase leading up. 😎 HP[+7]
Your hp is fully restored (31).
Found a stone staircase leading up.
There is a stone staircase leading up here.
A ball python comes into view.
A ball python is nearby!
A ball python is nearby!
You can't see any hostile targets in range.
A quokka comes into view.
You see here a blue potion.
The quokka attacks as you move away!
The quokka bites you but does no damage.
The ball python hisses angrily.
The splash of poison misses the quokka.
The quokka barely misses you. The quokka misses you.
You barely miss the quokka. The quokka barely misses you.
You can't do that yet.
There are monsters nearby!
Unknown command.
There are monsters nearby!
You closely miss the ball python. The ball python barely misses you.
The quokka bites you. 😕 HP[-3]
You take 3 damage, and now have 28/31 hp.
There are monsters nearby!
Casting: Beastly Appendage (safe; 8% risk of failure)
Confirm with . or Enter, or press ? or * to list all spells.
You don't know that spell.
You hit the quokka. The ball python bites you.
The quokka bites you but does no damage. 😕 HP[-2]
You take 2 damage, and now have 26/31 hp.
You hit the ball python.
You kill the ball python!
You have got your breath back.
The quokka bites you. 😮 HP[-4]
You take 4 damage, and now have 22/31 hp.
The quokka bites you.
You see here a ball python corpse. 😮 HP[-2]
You take 2 damage, and now have 20/31 hp.
Unknown command.
The quokka bites you. 😮 HP[-2]
You take 2 damage, and now have 18/31 hp.
You closely miss the quokka. The quokka closely misses you.
You hit the quokka. The quokka bites you.
Unknown command.
You barely miss the quokka.
The quokka bites you but does no damage.
You hit the quokka but do no damage. The quokka misses you.
You hit the quokka. The quokka bites you. 😮 HP[-1]
You take 1 damage, and now have 17/31 hp.
Unknown command.
You barely miss the quokka. The quokka barely misses you.
You closely miss the quokka. The quokka closely misses you. 😮 HP[+1]
You closely miss the quokka. Your punch misses the quokka.
The quokka bites you.
* * * LOW HITPOINT WARNING * * *
😨 HP[-3]
You take 3 damage, and now have 15/31 hp.
Unknown command.
You hit the quokka.
You kill the quokka!
Things that are here:
a quokka corpse; a ball python corpse; 😮 HP[+1] Unknown command.
j - 4 blue potions (gained 1) Key pressed, stopping explore.
There is a stone staircase leading up here.
An endoplasm comes into view. 😎 HP[+15]
Your hp is fully restored (31).
Unknown command.
An endoplasm is nearby!
An endoplasm is nearby!
An endoplasm is nearby!
The splash of poison hits the endoplasm.
The endoplasm misses you.
You hit the endoplasm.
You kill the endoplasm!
You have got your breath back.
Unknown command.
No target in view!
No target in view!
Unknown command.
A quokka comes into view.
A quokka is nearby!
A quokka is nearby!
A quokka is nearby!
A quokka is nearby!
An orc comes into view. It is wielding a +0 club.
You can't see any hostile targets in range.
There are monsters nearby!
Are you sure you want to abandon this character and quit the game? (Confirm with "yes".)

Action                     || total
---------------------------++-------
  Melee: Unarmed           ||   107
         Headbutt          ||     3
         Punch             ||     1
   Cast: Beastly Appendage ||    13
Ability: Spit Poison       ||    24
 Armour: Robe              ||    22
  Dodge: Dodged            ||    57

Levels and vault maps discovered:
D:1:      matt_arrival_grand_opening, layout_basic, nrook_campfire,
          chequers_serial_rivers_micro_c
D:2:      layout_loops_cross, minmay_misc_feat_more_columns
D:3:      layout_loops_ring, dk_xom_monty_hall, serial_aquarium,
          aquarium_bridge_long_separate [aquarium_subvault_bridge,
          aquarium_subvault_window, aquarium_subvault_window,
          aquarium_subvault_bridge, aquarium_subvault_bridge,
          aquarium_subvault_wall], aquarium_window_fake, aquarium_window_1,
          aquarium_window_1, aquarium_view_2b, minmay_close_crescents,
          uniq_grinder

Notes
Turn   | Place    | Note
-------+----------+-------------------------------------------
     0 | D:1      | ytrimaz the Naga Transmuter began the quest for the Orb.
     0 | D:1      | Reached XP level 1. HP: 18/18 MP: 3/3
     0 | D:1      | magus.rc [v1.9.6]
   320 | D:1      | Reached XP level 2. HP: 23/25 MP: 3/5
   924 | D:2      | Reached XP level 3. HP: 29/31 MP: 6/6
  1840 | D:3      | Quit the game

Vanquished Creatures
  An orc (D:3)
  8 endoplasms
  A giant cockroach (D:2)
  A goblin (D:1)
  2 hobgoblins
  8 quokkas
  8 ball pythons
  5 bats
  A frilled lizard (D:1)
  A kobold (D:1)
  6 rats
42 creatures vanquished.

Vanquished Creatures (others)
  A frilled lizard (D:1)
1 creature vanquished.

Grand Total: 43 creatures vanquished

Table legend:
 A = Non-vault XP
 B = Vault XP
 C = Vault XP percentage of total XP
 D = Non-vault monster count
 E = Vault monster count
 F = Vault count percentage of total count
                 A         B        C        D         E       F
            +---------+---------+-------+---------+---------+-------
      Total |      68 |       2 |   2.9 |      41 |       1 |   2.4
            +---------+---------+-------+---------+---------+-------
        D:1 |      30 |       0 |   0.0 |      19 |       0 |   0.0
        D:2 |      24 |       0 |   0.0 |      15 |       0 |   0.0
        D:3 |      14 |       2 |  12.5 |       7 |       1 |  12.5
            +---------+---------+-------+---------+---------+-------

Illustrated notes

Table legend:
 A = Kills in this place as a percentage of kills in the entire game.
 B = Kills by you in this place as a percentage of kills by you in the entire game.
 C = Kills by friends in this place as a percentage of kills by friends in the entire game.
 D = Other kills in this place as a percentage of other kills in the entire game.
 E = Experience gained in this place as a percentage of experience gained in the entire game.
 F = Experience gained in this place divided by the number of levels of this place that you have seen.
                   A       B       C       D       E      F
               +-------+-------+-------+-------+-------+----------------------
         Total | 100.0 | 100.0 |   N/A |   N/A | 100.0 |  23.3
       Dungeon | 100.0 | 100.0 |   N/A |   N/A | 100.0 |  23.3
               +-------+-------+-------+-------+-------+----------------------

Table legend: (Time is in decaauts)
 A = Elapsed time spent in this place.
 B = Non-inter-level travel time spent in this place.
 C = Inter-level travel time spent in this place.
 D = Time resting spent in this place.
 E = Time spent auto-exploring this place.
 F = Levels seen in this place.
 G = Mean time per level.
                   A        B        C        D        E       F      G
               +--------+--------+--------+--------+--------+-----+--------+
         Total |   2327 |   2277 |     50 |      0 |   1920 |   3 |  775.7 |
       Dungeon |   2327 |   2277 |     50 |      0 |   1920 |   3 |  775.7 |
               +--------+--------+--------+--------+--------+-----+--------+

Top non-repeatable levels by time:
     D:1: 1020 daAuts
     D:2: 880 daAuts
     D:3: 425 daAuts
